 Dungeon Crawl Stone Soup version 0.31-a0-221-gbddc013574 (webtiles) character file.

Game seed: 10652486116852180291

78 qw the Shooter (level 4, 0/26 HPs)
             Began as a Gargoyle Hexslinger on July 4, 2023.
             Slain by an orc
             ... wielding a +2 dagger of venom
              (1 damage)
             ... on level 3 of the Dungeon.
             The game lasted 00:00:50 (2008 turns).

qw the Shooter (Gargoyle Hexslinger)                Turns: 2008, Time: 00:00:50

Health: 0/26       AC:  8    Str: 12    XL:     4   Next: 36%
Magic:  5/5        EV: 12    Int: 13    God:
Gold:   90         SH:  0    Dex: 14    Spells: 4/5 levels left

rFire   . . .        Y - +1 sling
rCold   + . .        (no shield)
rNeg    + . .        h - +2 robe {Will+}
rPois   inf          (no helmet)
rElec   +            (no cloak)
rCorr   .            j - +0 pair of gloves
SInv    .            (no boots)
Will    +....        (no amulet)
Stlth   +            b - ring of protection from cold
HPRegen 0.24/turn    (no ring)
MPRegen 0.09/turn

%: no passive effects
@: no status effects
A: sickness immunity, AC +3, negative energy resistance 1, electricity
resistance, torment resistance 1, petrification resistance
a: no special abilities


You were on level 3 of the Dungeon.
You visited 1 branch of the dungeon, and saw 3 of its levels.

You collected 90 gold pieces.


Innate Abilities, Weirdness & Mutations

You are immune to sickness and miasma.
Your stone body is resilient. (AC +3)
You are immune to poison.
You resist negative energy. (rN+)
You are resistant to electric shocks. (rElec)
You are resistant to unholy torment.
You are immune to petrification.


   Skills:
 - Level 2.0 Fighting
 + Level 4.1 Ranged Weapons
 - Level 1.5 Dodging
 - Level 1.0 Spellcasting
 - Level 2.6 Hexes


You had 4 spell levels left.
You knew the following spells:

 Your Spells              Type           Power      Damage    Failure   Level
a - Slow                  Hex            28%        N/A       10%         1

Your spell library contained the following spells:

 Spells                   Type           Power      Damage    Failure   Level
 Inner Flame              Hex/Fire       4%         N/A       43%         3
 Portal Projectile        Hex/Tloc       8%         N/A       43%         3
 Cause Fear               Hex            3%         N/A       67%         4

Inventory:

Hand Weapons
 Y - a +1 sling (weapon)
Armour
 h - a +2 robe of willpower (worn)
 j - a +0 pair of gloves (worn)
Jewellery
 b - a ring of protection from cold (left hand)
Scrolls
 g - a scroll of identify
Potions
 d - a potion of cancellation {unknown}
 e - a potion of haste
 f - 2 potions of might
 i - a potion of enlightenment {unknown}
 k - a potion of curing

Dungeon Overview and Level Annotations

Branches:
Dungeon (3/15)

Altars:


Message History

The orc hits you with a +2 dagger of venom.
The orc wizard hits you but does no damage.
You shoot a sling bullet.
The sling bullet closely misses the orc wizard.
The orc wizard hits you with a +0 dagger.
The orc closely misses you.
You shoot a sling bullet.
The sling bullet closely misses the orc wizard.
The orc wizard casts a spell at you. The magic dart hits you.
The orc closely misses you.
You shoot a sling bullet.
The sling bullet closely misses the orc wizard.
The orc wizard hits you but does no damage.
The orc closely misses you.
You shoot a sling bullet.
The sling bullet barely misses the orc wizard.
The orc wizard closely misses you.
The orc hits you with a +2 dagger of venom. x2
The orc wizard hits you but does no damage.
You shoot a sling bullet. The sling bullet hits the orc wizard.
The orc wizard is almost dead.
The orc wizard completely misses you. The orc closely misses you.
You shoot a sling bullet.
The sling bullet barely misses the orc wizard.
The orc wizard points at you and mumbles some strange words.
You resist with almost no effort. The orc barely misses you.
You shoot a sling bullet.
The sling bullet barely misses the orc wizard.
The orc wizard hits you but does no damage.
The orc hits you with a +2 dagger of venom.
You shoot a sling bullet.
The sling bullet closely misses the orc wizard.
The orc wizard points at you and mumbles some strange words.
The puff of flame hits you. The orc hits you but does no damage.
You shoot a sling bullet. The sling bullet hits the orc wizard.
The orc wizard is almost dead.
The orc wizard points at you and mumbles some strange words.
The puff of flame hits you but does no damage.
The orc hits you with a +2 dagger of venom.
You die...

##.## .. #... ##
#. #..# ..#. #..#
.#.#####..####.
...............
#. ##...#
#o###....########
#o@...#..........
####..#...######
#....#...#
#.##.#...#
#.##.....#
#.####.#.# #.#
#.#.# #.# #.#.#
##.# #.#.#


You could see an orc wizard and an orc.

Vanquished Creatures
  2 adders (D:2)
  A gnoll (D:1)
  A dart slug (D:1)
  3 endoplasms (D:1)
  A giant cockroach (D:2)
  3 goblins
  6 hobgoblins
  3 jackals (D:1)
  7 kobolds
  4 quokkas
  A ball python (D:1)
  6 bats
  5 frilled lizards
  4 rats
47 creatures vanquished.

Notes
Turn   | Place    | Note
-------+----------+-------------------------------------------
     0 | D:1      | qw the Gargoyle Hexslinger began the quest for the Orb.
     0 | D:1      | Reached XP level 1. HP: 12/12 MP: 2/2
     0 | D:1      | 0 ||| qw: Version: 0.3-a-40-ge99b1a8
     0 | D:1      | 0 ||| qw: Game counter: 657
     0 | D:1      | 0 ||| qw: Melee chars always use a shield: true
     0 | D:1      | 0 ||| qw: God list: Okawaru
     0 | D:1      | 0 ||| qw: Allow faded altars: false
     0 | D:1      | 0 ||| qw: Do Orc after clearing Dungeon:15 true
     0 | D:1      | 0 ||| qw: Do second Lair branch before Depths: true
     0 | D:1      | 0 ||| qw: Lair rune preference: random
     0 | D:1      | 0 ||| qw: Goals: Normal
     0 | D:1      | 0 ||| PLANNING D:1-11
    93 | D:1      | 93 ||| FLEEEEING.
    94 | D:1      | 94 ||| FLEEEEING.
    95 | D:1      | 95 ||| FLEEEEING.
   126 | D:1      | Reached XP level 2. HP: 16/16 MP: 3/3
   312 | D:1      | Reached skill level 3 in Ranged Weapons
   536 | D:1      | Reached XP level 3. HP: 21/21 MP: 4/4
   686 | D:1      | Found a faded altar of an unknown god.
   965 | D:1      | 965 ||| UPGRADING to +2 robe of willpower.
   975 | D:1      | 975 ||| DROPPING +0 robe.
   976 | D:1      | 976 ||| READING 2 scrolls labelled JOILEETTEMIH.
   977 | D:1      | 977 ||| READING 3 scrolls labelled ODIQO MOUMINI.
   978 | D:1      | 978 ||| DRINKING 2 amethyst potions.
   979 | D:1      | 979 ||| READING 2 scrolls of identify.
   979 | D:1      | 979 ||| IDENTIFYING emerald potion
   980 | D:1      | 980 ||| DROPPING scroll of blinking.
   981 | D:1      | 981 ||| DROPPING scroll of poison.
  1212 | D:2      | Reached XP level 4. HP: 26/26 MP: 5/5
  1315 | D:2      | Reached skill level 4 in Ranged Weapons
  1479 | D:2      | Noticed a black bear
  1906 | D:2      | 1906 ||| UPGRADING to +0 pair of gloves.
  1911 | D:2      | 1911 ||| UPGRADING to ring of protection from cold.
  1912 | D:2      | 1912 ||| READING scroll labelled CAES JOOCOY.
  1913 | D:2      | 1913 ||| DRINKING 2 fuming clear potions.
  1914 | D:2      | 1914 ||| DRINKING 2 bubbling grey potions.
  1915 | D:2      | 1915 ||| DROPPING potion of brilliance.
  2006 | D:3      | HP: 5/26 [orc/+2 dagger of venom (4)]
  2007 | D:3      | HP: 1/26 [orc wizard/puff of flame (5)]
  2008 | D:3      | Slain by an orc

Levels and vault maps discovered:
D:1:      minmay_arrival_four_loops, layout_basic,
          ebering_ecumenical_altar_webs, nicolae_houndstooth_variations
D:2:      layout_basic, lightli_corner_chamber
D:3:      layout_basic, okawaru_trees_2, chequers_serial_rivers_small_3

Skill      XL: |  1  2  3  4 |
---------------+-------------+-----
Ranged Weapons | 3 4 |  4.1
Fighting       | 2 |  2.0
Dodging        | |  1.5
Spellcasting   | |  1.0
Hexes          | |  2.6

Action                     |  1- 3 |  4- 6 || total
---------------------------+-------+-------++-------
   Fire: Sling             |   126 |    70 ||   196
    Use: Scroll            |     3 |     1 ||     4
         Potion            |     1 |     2 ||     3
 Armour: Robe              |    16 |    22 ||    38
  Dodge: Dodged            |    53 |    36 ||    89

Table legend:
 A = Non-vault XP
 B = Vault XP
 C = Vault XP percentage of total XP
 D = Non-vault monster count
 E = Vault monster count
 F = Vault count percentage of total count
                 A         B        C        D         E       F
            +---------+---------+-------+---------+---------+-------
      Total |     112 |       0 |   0.0 |      47 |       0 |   0.0
            +---------+---------+-------+---------+---------+-------
        D:1 |      63 |       0 |   0.0 |      32 |       0 |   0.0
        D:2 |      47 |       0 |   0.0 |      14 |       0 |   0.0
        D:3 |       2 |       0 |   0.0 |       1 |       0 |   0.0
            +---------+---------+-------+---------+---------+-------
